 Dungeon Crawl Stone Soup version 0.29-a0-319-gad05b8d819 (webtiles) character file.

Game seed: 5439595639908454294

44 Warped the Chopper (level 3, -6/29 HPs)
             Began as a Formicid Fighter on Apr 1, 2022.
             Mangled by a worm (7 damage)
             ... on level 2 of the Dungeon.
             The game lasted 00:01:43 (1420 turns).

Warped the Chopper (Formicid Fighter)               Turns: 1420, Time: 00:01:45

Health: -6/29      AC:  6    Str: 22    XL:     3   Next: 87%
Magic:  3/3        EV:  9    Int:  7    God:
Gold:   124        SH:  4    Dex: 10    Spells: 2/2 levels left

rFire   . . .      SeeInvis +   a - +0 war axe
rCold   . . .      Faith    .   c - +0 buckler
rNeg    . . .      Spirit   .   b - +0 scale mail
rPois   .          Reflect  .   (helmet unavailable)
rElec   .          Harm     .   (no cloak)
rCorr   .          Rampage  .   (no gloves)
Will    .....                   (no boots)
Stlth   ..........              (no amulet)
HPRegen 0.09/turn               (no ring)
MPRegen 0.08/turn               (no ring)

@: no status effects
A: permanent stasis, dig shafts and tunnels, antennae 3, four strong arms
a: Dig, Shaft Self


You were on level 2 of the Dungeon.
You visited 1 branch of the dungeon, and saw 2 of its levels.

You collected 124 gold pieces.

Inventory:

Hand Weapons
 a - a +0 war axe (weapon)
Missiles
 j - 94 stones
Armour
 b - a +0 scale mail (worn)
 c - a +0 buckler (worn)
 l - a +0 pair of boots
Scrolls
 f - a scroll of teleportation {unknown}
 g - a scroll of immolation {unknown}
 m - a scroll of noise {unknown}
 n - 2 scrolls of blinking {unknown}
Potions
 d - a potion of might
 e - a potion of lignification {unknown}
 h - a potion of invisibility
 i - a potion of heal wounds {unknown}
 k - a potion of cancellation {unknown}
 o - a potion of haste {unknown}


   Skills:
 - Level 3.2 Fighting
 + Level 3.9 Axes
 - Level 3.2 Armour
 - Level 3.6 Shields


You had 2 spell levels left.
You didn't know any spells.
Your spell library was empty.

Dungeon Overview and Level Annotations

Branches:
Dungeon (2/15)

Altars:


Innate Abilities, Weirdness & Mutations

You cannot be hasted, slowed, berserked, paralysed or teleported.
You can dig through walls and to a lower floor.
You have a pair of large antennae on your head. (SInv)
Your four strong arms can wield two-handed weapons with a shield.


Message History

You kill the gnoll!
There are monsters nearby!
You barely miss the gnoll. You barely miss the worm.
The gnoll hits you with a +0 club. The gnoll closely misses you.
The worm bites you. The gnoll hits you with a +0 club.
There are monsters nearby!
You slash the gnoll!
The gnoll is severely wounded.
You hit the worm. The gnoll hits you but does no damage.
The gnoll hits you from afar with a +0 spear.
There are monsters nearby!
You barely miss the gnoll.
The gnoll is severely wounded.
You hit the worm. The worm bites you. The gnoll hits you but does no damage.
The gnoll hits you with a +0 club.
There are monsters nearby!
You barely miss the gnoll.
The gnoll is severely wounded.
You hit the worm. The gnoll hits you with a +0 club.
The gnoll hits you from afar with a +0 spear.
The worm bites you but does no damage. The gnoll barely misses you.
The gnoll hits you with a +0 club.
There are monsters nearby!
You are too injured to fight recklessly!
There are monsters nearby!
You are too injured to fight recklessly!
You are too injured to fight recklessly!
There are monsters nearby!
You are too injured to fight recklessly!
Unknown command.
You are too injured to fight recklessly!
Unknown command.
You barely miss the gnoll.
The gnoll is severely wounded.
You barely miss the worm. The gnoll hits you with a +0 club.
* * * LOW HITPOINT WARNING * * *
The gnoll hits you from afar with a +0 spear.
* * * LOW HITPOINT WARNING * * *
The worm bites you!
You die...

#####.........#
........##..... # #
#####.#.#...... ..#.
[...#.#.#.... #...
.#####.#.##...
#...#####.#.......##>##
..........#.#.>.#######
#####gw..###.#.### #..
......g@.......# #..
.......#####.#########..
#####.. #........####
.... ##########♣.. +###.
##♣ #. ### #. ###'# ..
#.... #....


You could see a worm and 2 gnolls.

Vanquished Creatures
  A gnoll (D:2)
  An adder (D:2)
  A dart slug (D:1)
  A ball python (D:1)
  2 endoplasms (D:1)
  A giant cockroach (D:1)
  3 goblins
  3 hobgoblins
  A quokka (D:1)
  3 bats (D:1)
  2 frilled lizards
  2 kobolds
  3 rats
24 creatures vanquished.

Notes
Turn   | Place    | Note
-------+----------+-------------------------------------------
     0 | D:1      | Warped the Formicid Fighter began the quest for the Orb.
     0 | D:1      | Reached XP level 1. HP: 18/18 MP: 1/1
   142 | D:1      | Reached XP level 2. HP: 23/24 MP: 2/2
  1072 | D:2      | Reached XP level 3. HP: 25/29 MP: 3/3
  1182 | D:2      | Found a faded altar of an unknown god.
  1420 | D:2      | HP: 1/29 [gnoll/+0 spear (4)]
  1420 | D:2      | Mangled by a worm

Illustrated notes

Levels and vault maps discovered:
D:1:      giann_forest_graveyard, layout_loops_ring, bh_walls_and_bars
D:2:      layout_basic, chequers_ecumenical_altar_lobes, minmay_misc_feat_tower

Skill      XL: |  1  2 |
---------------+-------+-----
Axes           | 3 |  3.9
Fighting       | |  3.2
Armour         | |  3.2
Shields        | |  3.6

Action                   || total
-------------------------++-------
Melee: War axe           ||    66
Armor: Scale mail        ||    38
Dodge: Dodged            ||    36
Block: Buckler           ||    12

Table legend: (Time is in decaauts)
 A = Elapsed time spent in this place.
 B = Non-inter-level travel time spent in this place.
 C = Inter-level travel time spent in this place.
 D = Time resting spent in this place.
 E = Time spent auto-exploring this place.
 F = Levels seen in this place.
 G = Mean time per level.
                   A        B        C        D        E       F      G
               +--------+--------+--------+--------+--------+-----+--------+
         Total |   1444 |   1391 |     53 |      0 |   1194 |   2 |  722.0 |
       Dungeon |   1444 |   1391 |     53 |      0 |   1194 |   2 |  722.0 |
               +--------+--------+--------+--------+--------+-----+--------+

Top non-repeatable levels by time:
     D:1: 1035 daAuts
     D:2: 409 daAuts
